 Dungeon Crawl Stone Soup version 0.31.0-11-ge490571c62 (webtiles) character file.

Game seed: 1576571329777936248

109 qw the Skirmisher (level 4, -4/25 HPs)
             Began as a Deep Elf Hunter on Feb 3, 2024.
             Incinerated by a bombardier beetle (6 damage)
             ... with a burning spray
             ... on level 4 of the Dungeon.
             The game lasted 00:00:10 (2128 turns).

qw the Skirmisher (Deep Elf Hunter)                 Turns: 2128, Time: 00:00:10

Health: -4/25      AC:  7    Str: 10    XL:     4   Next: 59%
Magic:  6/6        EV: 11    Int: 14    God:
Gold:   135        SH:  0    Dex: 18    Spells: 3/3 levels left

rFire   . . .        a - +0 shortbow
rCold   . . .        (shield currently unavailable)
rNeg    . . .        g - +0 ring mail
rPois   .            i - +0 helmet
rElec   .            (no cloak)
rCorr   .            (no gloves)
SInv    .            e - +0 pair of boots
Will    .....        d - amulet of regeneration
Stlth   +            (no ring)
HPRegen 1.04/turn    (no ring)
MPRegen 0.10/turn

%: no passive effects
@: on fire, glowing
A: no striking features
a: no special abilities


You were on level 4 of the Dungeon.
You visited 2 branches of the dungeon, and saw 5 of its levels.

You collected 135 gold pieces.


   Skills:
 - Level 1.5 Fighting
 + Level 8.0 Ranged Weapons
 - Level 2.4 Dodging
 - Level 1.2 Stealth


You had 3 spell levels left.
You didn't know any spells.
Your spell library was empty.

Inventory:

Hand Weapons
 a - a +0 shortbow (weapon)
Armour
 e - a +0 pair of boots (worn)
 g - a +0 ring mail (worn)
 i - a +0 helmet (worn)
Jewellery
 d - an amulet of regeneration (around neck)
Wands
 k - a wand of paralysis (6)
Potions
 b - a potion of invisibility {unknown}
 c - 2 potions of mutation
 h - a potion of curing
 j - a potion of enlightenment {unknown}
 l - a potion of resistance {unknown}

Dungeon Overview and Level Annotations

Branches:
Dungeon (4/15)             Temple (1/1) D:4

Altars:
Elyvilon
Fedhas
Hepliaklqana
Kikubaaqudgha
Makhleb
Qazlal
Ru
Sif Muna
Trog
Wu Jian
Xom
Yredelemnul
Zin


Message History

Found a scroll of immolation.
The orc shouts!
The orc moves out of view.
You shoot an arrow. The arrow hits the bombardier beetle.
The bombardier beetle is moderately wounded.
You shoot an arrow.
The arrow closely misses the bombardier beetle.
An orc comes into view. It is wielding a +0 trident.
The bombardier beetle sprays incendiary fluid at you.
The burning spray hits you.
You are covered in liquid fire!
The orc moves out of view.
You shoot an arrow.
The arrow hits the orc but does no damage.
The liquid fire burns you!
You shoot an arrow. The arrow hits the orc.
The orc is lightly wounded.
The liquid fire burns you!
An orc comes into view. It is wielding a +0 dagger.
The orc hits you from afar with a +0 trident.
You shoot an arrow. The orc shouts!
The arrow hits the orc.
You kill the orc!
The liquid fire burns you!
You shoot an arrow.
The arrow barely misses the bombardier beetle.
The liquid fire burns you!
You shoot an arrow. The arrow hits the bombardier beetle.
The bombardier beetle is moderately wounded.
The liquid fire burns you!
You shoot an arrow. The orc shouts!
The arrow hits the bombardier beetle.
The bombardier beetle is moderately wounded.
The liquid fire burns you!
You shoot an arrow. The arrow hits the bombardier beetle.
The bombardier beetle is severely wounded.
The liquid fire burns you!
You die...

.## #.#..# #..#....#
.### #.##.# #........ .#
...###.##.###...........
.......##..............
...#########..####.#.#
...# ###......... ...#
#....####.#
...#######.........##.##
.........+....).@.......
...#######....###B...#.#
#### #....# o...# #....#
.?..# ###### ....# o...#
....# ....#


You could see a bombardier beetle and 2 orcs.

Vanquished Creatures
  3 adders
  A dart slug (D:2)
  2 ribbon worms (D:3)
  5 orcs
  5 endoplasms
  4 giant cockroaches
  9 goblins
  3 hobgoblins (D:1)
  4 quokkas
  10 ball pythons
  10 bats
  7 frilled lizards
  3 kobolds
  A rat (D:3)
67 creatures vanquished.

Notes
Turn   | Place    | Note
-------+----------+-------------------------------------------
     0 | D:1      | qw the Deep Elf Hunter began the quest for the Orb.
     0 | D:1      | Reached XP level 1. HP: 12/12 MP: 3/3
     0 | D:1      | 0 ||| qw: Version: 0.3-a-155-g5e7d8dd
     0 | D:1      | 0 ||| qw: Game counter: 3537
     0 | D:1      | 0 ||| qw: Melee chars always use a shield: true
     0 | D:1      | 0 ||| qw: God list: Okawaru
     0 | D:1      | 0 ||| qw: Allow faded altars: false
     0 | D:1      | 0 ||| qw: Do Orc after clearing Dungeon:15 true
     0 | D:1      | 0 ||| qw: Do second Lair branch before Depths: true
     0 | D:1      | 0 ||| qw: Lair rune preference: random
     0 | D:1      | 0 ||| qw: Goals: Normal
     0 | D:1      | 0 ||| PLANNING D:1-11
   100 | D:1      | Reached XP level 2. HP: 6/16 MP: 4/4
   101 | D:1      | Reached skill level 6 in Ranged Weapons
   340 | D:1      | Found a faded altar of an unknown god.
   514 | D:1      | 514 ||| UPGRADING to +0 ring mail.
   523 | D:1      | 523 ||| UPGRADING to +0 ring mail.
   533 | D:1      | 533 ||| DROPPING +0 leather armour.
   550 | D:1      | 550 ||| READING scroll labelled ELERES QAROSOBU.
   551 | D:1      | 551 ||| READING 2 scrolls labelled FYZXOE QILIMA.
   551 | D:1      | 551 ||| IDENTIFYING lumpy inky potion
   552 | D:1      | 552 ||| READING scroll of identify.
   552 | D:1      | 552 ||| IDENTIFYING 2 fizzy orange potions
   553 | D:1      | 553 ||| READING scroll labelled IMAMPY LEWKOMO.
   710 | D:1      | Reached XP level 3. HP: 20/20 MP: 5/5
   843 | D:1      | 843 ||| UPGRADING to amulet of regeneration.
   848 | D:1      | 848 ||| DRINKING 2 fuming puce potions.
   849 | D:1      | 849 ||| DROPPING scroll of butterflies.
   850 | D:1      | 850 ||| DROPPING potion of attraction.
   949 | D:2      | Reached skill level 7 in Ranged Weapons
   970 | D:2      | Found a blossoming altar of Fedhas.
  1097 | D:2      | You fall into a shaft and drop 1 floor!
  1132 | D:3      | 1132 ||| UPGRADING to +0 helmet.
  1137 | D:3      | 1137 ||| READING scroll labelled VITACZ FOELI.
  1138 | D:3      | 1138 ||| READING scroll labelled GOQAIT GOGHUAR.
  1248 | D:2      | Reached XP level 4. HP: 23/25 MP: 6/6
  1393 | D:2      | 1393 ||| DROPPING ring of wizardry.
  1394 | D:2      | 1394 ||| READING 2 scrolls labelled GULLAE ZATUO.
  1395 | D:2      | 1395 ||| DROPPING scroll of noise.
  1434 | D:3      | Found a white marble altar of Elyvilon.
  2013 | D:3      | 2013 ||| UPGRADING to +0 pair of boots.
  2018 | D:3      | 2018 ||| READING scroll labelled OKKOHOBEPLA.
  2053 | D:4      | Found a staircase to the Ecumenical Temple.
  2054 | D:4      | 2054 ||| PLANNING TEMPLE
  2060 | D:4      | Reached skill level 8 in Ranged Weapons
  2061 | Temple   | Entered the Ecumenical Temple
  2062 | Temple   | 2062 ||| PLANNING D:1-11
  2126 | D:4      | HP: 4/25 [burnt (7)]
  2127 | D:4      | HP: 1/25 [burnt (4)]
  2128 | D:4      | Incinerated by a bombardier beetle

Levels and vault maps discovered:
D:1:      lemuel_arrival_broad_hall, layout_basic,
          shapermc_ecumenical_altar_hornbeckon, hangedman_decor_push,
          minmay_misc_feat_diagonals, hex_tiny, minivault_11,
          minmay_indecisive_spiral
D:2:      layout_rooms, basic_altar
D:3:      layout_basic, elyvilon_altar_1
D:4:      layout_basic, minmay_temple_entry_mini_moons, serial_shops,
          nicolae_lakefront_shop, kennysheep_generic_room_11, uniq_blork_the_orc
Temple:   nicolae_temple_hex_pool

Skill      XL: |  1  2  3  4 |
---------------+-------------+-----
Ranged Weapons | 6 7 8 |  8.0
Fighting       | |  1.5
Dodging        | |  2.4
Stealth        | |  1.2

Action                     |  1- 3 |  4- 6 || total
---------------------------+-------+-------++-------
   Fire: Shortbow          |   116 |    79 ||   195
    Use: Scroll            |     6 |     2 ||     8
         Potion            |     1 |       ||     1
 Armour: Leather armour    |    11 |       ||    11
         Ring mail         |    18 |    27 ||    45
  Dodge: Dodged            |    25 |    25 ||    50

Table legend:
 A = Non-vault XP
 B = Vault XP
 C = Vault XP percentage of total XP
 D = Non-vault monster count
 E = Vault monster count
 F = Vault count percentage of total count
                 A         B        C        D         E       F
            +---------+---------+-------+---------+---------+-------
      Total |     149 |       7 |   4.5 |      63 |       4 |   6.0
            +---------+---------+-------+---------+---------+-------
        D:1 |      39 |       7 |  15.2 |      23 |       4 |  14.8
        D:2 |      56 |       0 |   0.0 |      21 |       0 |   0.0
        D:3 |      45 |       0 |   0.0 |      15 |       0 |   0.0
        D:4 |       9 |       0 |   0.0 |       4 |       0 |   0.0
            +---------+---------+-------+---------+---------+-------
